 Dungeon Crawl Stone Soup version 0.28-a0-46-g7b1be97da7 (webtiles) character file.

Game seed: 10201734062363393878

3390 dmks the Ducker (level 10, -24/68 HPs)
             Began as a Djinni Fire Elementalist on July 30, 2021.
             Was a Believer of Makhleb.
             Annihilated by a boulder beetle (34 damage)
             ... on level 7 of the Dungeon.
             The game lasted 00:49:51 (9248 turns).

dmks the Ducker (Djinni Fire Elementalist)          Turns: 9248, Time: 00:49:52

Health: -24/68     AC:  3    Str:  8    XL:     10   Next: 24%
Gold:   319        EV: 16    Int: 19    God:    Makhleb [**....] SH:  0 Dex: 18

rFire   + + +      SeeInvis .   p - +2 rapier (drain)
rCold   x . .      Faith    .   (no shield)
rNeg    + . .      Spirit   .   h - +0 leather armour "Felexoe" {+Inv Regen+ rCorr Dex+4}
rPois   ∞          Reflect  .   (no helmet)
rElec   .          Harm     .   a - scarf {repulsion}
rCorr   +          Rampage  .   (no gloves)
Will    +....                   (boots unavailable)
Stlth   +++.......              (no amulet)
HPRegen 1.21/turn               i - ring of protection from fire
MPRegen 0.00/turn               m - ring of positive energy

@: flying, repel missiles
A: sickness immunity, fire resistance 2, cold vulnerability 1, float, innate
caster, hp casting, extra vitality 1
a: Renounce Religion, Evoke Invisibility, Minor Destruction


You were on level 7 of the Dungeon.
You worshipped Makhleb.
Makhleb was pleased with you.
You visited 2 branches of the dungeon, and saw 8 of its levels.

You collected 319 gold pieces.

Inventory:

Hand Weapons
 p - a +2 rapier of draining (weapon)
   (You took it off Eustachio on level 5 of the Dungeon)
Armour
 a - a scarf of repulsion (worn)
   (You found it on level 5 of the Dungeon)
 h - the +0 leather armour "Felexoe" (worn) {+Inv Regen+ rCorr Dex+4}
   (You found it on level 5 of the Dungeon)

   Dex:       It affects your dexterity (+4).
   +Inv:      It lets you turn invisible.
   Regen:     It increases your rate of health regeneration.
   rCorr:     It protects you from acid and corrosion.
Jewellery
 i - a ring of protection from fire (left hand)
   (You found it on level 1 of the Dungeon)
 m - a ring of positive energy (right hand)
   (You found it on level 3 of the Dungeon)
Wands
 v - a wand of digging (5)
   (You took it off Eustachio on level 5 of the Dungeon)
 x - a wand of acid (12)
   (You found it on level 6 of the Dungeon)
Scrolls
 b - a scroll of brand weapon {unknown}
 c - 4 scrolls of identify {@r1}
 f - a scroll of enchant weapon
 j - a scroll of magic mapping
 l - 3 scrolls of teleportation {@r4}
 n - a scroll of amnesia {unknown}
Potions
 d - a potion of lignification {unknown}
 e - a potion of degeneration {unknown}
 g - a potion of brilliance {unknown}
 k - a potion of mutation {unknown}
 o - a potion of attraction {unknown}
 q - 2 potions of curing {@q1}
 s - a potion of flight {unknown}


   Skills:
 + Level 4.3 Fighting
 + Level 5.1 Armour
 + Level 7.7 Dodging
 - Level 5.0 Stealth
 * Level 6.9 Spellcasting


You couldn't memorise any spells.
You knew the following spells:

 Your Spells              Type           Power      Damage    Failure   Level
a - Foxfire               Conj/Fire      100%       2x1d9     1%          1
b - Inner Flame           Hex/Fire       32%        N/A       2%          3
c - Freeze                Ice            100%       1d11      1%          1
d - Conjure Flame         Conj/Fire      32%        6-21      2%          3
e - Blink                 Tloc           N/A        N/A       1%          2
f - Gell's Gravitas       Tloc           16%        N/A       2%          3
q - Sticky Flame          Conj/Fire      32%        2d5       9%          4
s - Searing Ray           Conj           64%        3d5       1%          2
x - Fireball              Conj/Fire      16%        3d8       22%         5
Your spell library was empty.

Dungeon Overview and Level Annotations

Branches:
Dungeon (7/15)             Temple (1/1) D:5

Altars:
Ashenzari
Cheibriados
Dithmenos
Elyvilon
Fedhas
Gozag
Hepliaklqana
Kikubaaqudgha
Makhleb
Nemelex Xobeh
Okawaru
Qazlal
Ru
Sif Muna
Uskayaw
Vehumet
Wu Jian
Xom
Zin
The Shining One

Annotations:
D:6 2 transporters
D:7 3 runed translucent doors


Innate Abilities, Weirdness & Mutations

You are immune to sickness and miasma.
You are immune to poison.
Your flesh is very heat resistant. (rF++)
You are vulnerable to cold. (rC-)
You float through the air rather than walking.
You learn spells naturally, not from books.
Your magical power is your life essence.
You have superior vitality. (+4 HP)


Message History

Things that are here:
a +0 spear; a +0 scale mail
Things that are here:
a +5 spear of venom; a +0 plate armour
Things that are here:
a +0 spear; a +0 scale mail
There is an open door here.
You see here a +0 vorpal hand axe.
Found a potion of curing.
q - 2 potions of curing {@q1} (gained 1)
Found a dire flail.
You see here a +0 vorpal hand axe.
There is an open door here.
Things that are here:
a +0 spear; a +0 scale mail The yak bellows!
The cyan ugly thing gurgles horribly!
A boulder beetle is nearby!
Aim: a boulder beetle (wandering, hasn't noticed you, chance to affect: 73%)
The boulder beetle is filled with an inner flame.
The boulder beetle curls into a ball and begins rolling!
Okay, then.
You can't see any susceptible monsters within range! (Use Z to cast anyway.) Unknown command.
Unknown command.
You conjure some foxfire!
The foxfire hits the boulder beetle but does no damage. x2
The spell is quite dangerous to cast (22% risk of failure)!
Continue anyway?
Aim: a boulder beetle (rolling, inner flame)
The fireball explodes!
The fireball engulfs the boulder beetle.
Flame seeps out of the boulder beetle.
You don't know that spell.
Aim: a boulder beetle (lightly wounded, rolling, inner flame)
You freeze the boulder beetle!
Flame seeps out of the boulder beetle.
The boulder beetle hits you!!!
Ouch! That really hurt!
* * * LOW HITPOINT WARNING * * *
The boulder beetle stops rolling and uncurls.
You blink.
* * * LOW HITPOINT WARNING * * *
The boulder beetle curls into a ball and begins rolling!
You blink.
* * * LOW HITPOINT WARNING * * *
The boulder beetle is engulfed in blazing flames.
Flame seeps out of the boulder beetle.
You blink.
* * * LOW HITPOINT WARNING * * *
The boulder beetle hits you!!
Ouch! That really hurt!
You die...

...#........#.##8}/8##..###
..##...##.....#8....8#..#
..##...##.....+......+..#
..##...))...#.+......+..#
..##........#.#8.Y..8#..#
............#.##8u)8##..#######
............#..######.........#
............#.§...§...........##
####........#...@B○.......!.(...
#...##...#................$..
##...##...#...................
#....#....#...........[.......
#....#....#.........>.........
#....#....#...)...............
#....#....#...................
###########...................
####################


You could see a boulder beetle (rolling, inner flame), a cyan ugly thing and a
yak.

Vanquished Creatures
  Sigmund (D:5)
  Eustachio (D:5)
  3 orc warriors (D:7)
  5 ogres
  2 ice beasts
  A sky beast (D:6)
  2 black bears
  A necrophage (D:5)
  4 centaurs
  2 kobold brigands
  A bullfrog (D:7)
  A gnoll sergeant (D:7)
  2 scorpions (D:5)
  A wyvern skeleton (D:7)
  7 killer bees
  An electric eel (D:6)
  2 howler monkeys (D:7)
  A bullfrog skeleton (D:5)
  4 orc priests
  A gnoll shaman (D:4)
  A jelly (D:6)
  A centaur skeleton (D:7)
  3 hounds
  5 orc wizards
  A hound zombie (D:5)
  A hound skeleton (D:4)
  3 gnolls
  2 howler monkey skeletons
  7 adders
  A white imp (D:6)
  3 dart slugs
  15 orcs
  3 ball pythons
  5 endoplasms
  A giant cockroach (D:2)
  4 goblins
  3 hobgoblins
  9 jackals
  A quokka (D:1)
  6 bats
  A frilled lizard (D:1)
  12 kobolds
  4 rats
135 creatures vanquished.

Vanquished Creatures (others)
  262 foxfires
  10 plants (D:6)
272 creatures vanquished.

Grand Total: 407 creatures vanquished

Notes
Turn   | Place    | Note
-------+----------+-------------------------------------------
     0 | D:1      | dmks the Djinni Fire Elementalist began the quest for the
                  | Orb.
     0 | D:1      | Reached XP level 1. HP: 15/15 MP: 0/0
   223 | D:1      | Reached XP level 2. HP: 14/21 MP: 0/0
   563 | D:1      | Reached XP level 3. HP: 21/25 MP: 0/0
   563 | D:1      | Learned a level 1 spell: Freeze
  1431 | D:2      | Found a faded altar of an unknown god.
  1491 | D:2      | Reached skill level 3 in Dodging
  2026 | D:2      | Reached XP level 4. HP: 15/31 MP: 0/0
  3388 | D:4      | Reached XP level 5. HP: 31/35 MP: 0/0
  3388 | D:4      | Learned a level 2 spell: Searing Ray
  3794 | D:4      | Found a hide-covered altar of Uskayaw.
  3966 | D:4      | Reached skill level 4 in Dodging
  3966 | D:4      | Reached XP level 6. HP: 38/40 MP: 0/0
  4023 | D:4      | Found a sparkling altar of Nemelex Xobeh.
  4025 | D:4      | Found a shimmering altar of Xom.
  4120 | D:5      | Entered Level 5 of the Dungeon
  4465 | D:5      | Noticed an ogre
  4477 | D:4      | Reached XP level 7. HP: 13/45 MP: 0/0
  4477 | D:4      | Learned a level 2 spell: Blink
  4480 | D:4      | HP: 1/45 [killer bee (8)]
  5121 | D:4      | Reached skill level 5 in Dodging
  5531 | D:4      | Reached skill level 1 in Armour
  5782 | D:5      | Reached XP level 8. HP: 32/50 MP: 0/0
  5922 | D:5      | Identified the +0 leather armour "Felexoe" {+Inv Regen+
                  | rCorr Dex+4}
  6124 | D:5      | Found a staircase to the Ecumenical Temple.
  6208 | Temple   | Entered the Ecumenical Temple
  6525 | Temple   | Became a worshipper of Makhleb the Destroyer
  6680 | D:5      | Noticed Sigmund
  6687 | D:5      | Killed Sigmund
  6688 | D:5      | Reached skill level 1 in Fighting
  6688 | D:5      | Reached skill level 6 in Dodging
  6723 | D:5      | Reached skill level 5 in Stealth
  6723 | D:5      | Reached skill level 5 in Spellcasting
  6740 | D:5      | Reached XP level 9. HP: 52/58 MP: 0/0
  6740 | D:5      | Learned a level 3 spell: Gell's Gravitas
  6827 | D:5      | Noticed Eustachio
  6832 | D:5      | Killed Eustachio
  7060 | D:6      | Found a transporter.
  7702 | D:6      | Reached * piety under Makhleb
  7789 | D:6      | Noticed a kobold demonologist
  7789 | D:6      | Noticed a kobold demonologist
  7794 | D:6      | Found a transporter.
  7944 | D:6      | Reached skill level 7 in Dodging
  8563 | D:7      | Found a shadowy altar of Dithmenos.
  8639 | D:7      | Found a large runed translucent door.
  8639 | D:7      | Found a large runed translucent door.
  8651 | D:7      | Noticed a boulder beetle
  8658 | D:7      | Noticed a cyan ugly thing
  8677 | D:7      | Found a large runed translucent door.
  8682 | D:7      | Found a large runed translucent door.
  8861 | D:7      | Reached ** piety under Makhleb
  8862 | D:7      | Reached XP level 10. HP: 64/67 MP: 0/0
  9173 | D:7      | Reached skill level 5 in Armour
  9248 | D:7      | Annihilated by a boulder beetle

Illustrated notes

Levels and vault maps discovered:
D:1:      saegor_arrival_under_anarchy, layout_loops_cross, minmay_tromino_i2
D:2:      layout_loops_corners, chequers_ecumenical_altar_simple
D:3:      layout_rooms
D:4:      layout_rooms, grunt_temple_overflow_open
D:5:      layout_rooms, temple_doors_e, uniq_sigmund, uniq_eustachio
D:6:      gammafunk_wand_slinger, layout_loops_corners, serial_bayou_ford_a
D:7:      layout_gridville, kennysheep_little_box, minmay_hollow_rounded_squares
Temple:   eino_temple_scatter_basement

Skill      XL: |  1  2  3  4  5  6  7  8  9 10 |
---------------+-------------------------------+-----
Stealth        | 2 3 4 5 |  5.0
Dodging        | 3 4 5 6 7 |  7.7
Spellcasting   | 3 4 5 6 |  6.9
Armour         | 1 3 4 5 |  5.1
Fighting       | 1 3 4 |  4.3

Action                   |  1- 3 |  4- 6 |  7- 9 | 10-12 || total
-------------------------+-------+-------+-------+-------++-------
Melee: Rapier            |       |       |     6 |       ||     6
 Cast: Foxfire           |    60 |    54 |    48 |     8 ||   170
       Freeze            |     7 |       |    11 |     1 ||    19
       Searing Ray       |       |     6 |    55 |    11 ||    72
       Blink             |       |       |    12 |     3 ||    15
       Inner Flame       |       |       |    38 |     9 ||    47
       Conjure Flame     |       |       |     4 |       ||     4
       Gell's Gravitas   |       |       |     5 |       ||     5
       Fireball          |       |       |       |     1 ||     1
  Use: Scroll            |       |     9 |     4 |       ||    13
       Potion            |       |     1 |     5 |       ||     6
Armor: Robe              |     2 |     9 |     4 |       ||    15
       Leather armour    |       |       |    12 |     1 ||    13
Dodge: Dodged            |     8 |    36 |    93 |     9 ||   146

Table legend: (Time is in decaauts)
 A = Elapsed time spent in this place.
 B = Non-inter-level travel time spent in this place.
 C = Inter-level travel time spent in this place.
 D = Time resting spent in this place.
 E = Time spent auto-exploring this place.
 F = Levels seen in this place.
 G = Mean time per level.
                   A        B        C        D        E       F      G
               +--------+--------+--------+--------+--------+-----+--------+
         Total |   9253 |   9036 |    217 |   2655 |   4651 |   8 | 1156.6 |
       Dungeon |   8908 |   8691 |    217 |   2655 |   4463 |   7 | 1272.6 |
        Temple |    344 |    344 |      0 |      0 |    188 |   1 |  344.0 |
               +--------+--------+--------+--------+--------+-----+--------+

Top non-repeatable levels by time:
     D:4: 2045 daAuts
     D:6: 1335 daAuts
     D:2: 1267 daAuts
     D:1: 1208 daAuts
     D:3: 1159 daAuts
     D:5: 972 daAuts
     D:7: 919 daAuts
  Temple: 344 daAuts
